 Dungeon Crawl Stone Soup version 0.22-b1-59-g0aedee7 (webtiles) character file.

57 Lilu the Conjurer (level 3, -1/19 HPs)
             Began as a Deep Elf Conjurer on Aug 9, 2018.
             Slain by a hobgoblin (5 damage)
             ... on level 2 of the Dungeon.
             The game lasted 00:03:56 (1815 turns).

Lilu the Conjurer (Deep Elf Conjurer)               Turns: 1815, Time: 00:03:57

Health: -1/19      AC:  2    Str:  6    XL:     3   Next: 73%
Magic:  9/9        EV: 13    Int: 19    God:
Gold:   62         SH:  0    Dex: 15    Spells: 5/8 levels left

rFire    . . .     SeeInvis .   d - +5 mace (drain)
rCold    . . .     Gourm    .   (no shield)
rNeg     . . .     Faith    .   a - +0 robe
rPois    .         Spirit   .   (no helmet)
rElec    .         Reflect  .   (no cloak)
rCorr    .         Harm     .   (no gloves)
MR       .....                  (no boots)
Stlth    ++........             (no amulet)
HPRegen  0.06/turn              (no ring)
MPRegen  0.11/turn              (no ring)

@: no status effects
A: no striking features
a: no special abilities


You were on level 2 of the Dungeon.
You were not hungry.

You visited 1 branch of the dungeon, and saw 2 of its levels.

You collected 62 gold pieces.

Inventory:

Hand Weapons
 d - a +5 mace of draining (weapon)
 e - a cursed +0 club
Armour
 a - a +0 robe (worn)
Scrolls
 b - 2 scrolls of identify {unknown}
 g - a scroll of fear {unknown}
 h - a scroll of teleportation {unknown}
 i - a scroll of random uselessness {unknown}
Potions
 j - a potion of berserk rage {unknown}
Comestibles
 c - 4 rations
 f - 3 chunks of flesh


   Skills:
 + Level 0.2 Fighting
 + Level 0.4 Maces & Flails
 - Level 2.4 Dodging
 - Level 2.4 Stealth
 - Level 3.0 Spellcasting
 + Level 5.8 Conjurations


You had 5 spell levels left.
You knew the following spells:

 Your Spells              Type           Power        Failure   Level  Hunger
a - Magic Dart            Conj           ###.         1%          1    None
b - Searing Ray           Conj           ###...       2%          2    ##.....

Your spell library contained the following spells:

 Spells                   Type           Power        Failure   Level  Hunger
 Iskenderun's Mystic Bla  Conj           ###.....     14%         4    ####...
 Fulminant Prism          Conj/Hex       ##........   43%         4    ####...
 Dazzling Spray           Conj/Hex       ##....       14%         3    ###....
 Force Lance              Conj/Tloc      ##......     43%         4    ####...


Dungeon Overview and Level Annotations

Branches:
Dungeon (2/15)

Altars:

Annotations:
D:2 Robin


Message History

Robin throws the goblin at you! The goblin barely misses you.
The goblin no longer looks unusually strong.
The hobgoblin no longer looks unusually strong.
You sock the goblin!
You kill the goblin!
Robin hits you from afar with a spear. Robin closely misses you.
The hobgoblin misses you. Robin throws the goblin at you!
* * * LOW HITPOINT WARNING * * *
You hit the goblin.
You kill the goblin!
Robin throws the goblin at you!
* * * LOW HITPOINT WARNING * * *
You closely miss the goblin. The goblin closely misses you.
The hobgoblin misses you.
Robin roars a battlecry!
The goblins go into a battle-frenzy!
The hobgoblin hits you.
You die...

............>....#
.....##....#.....#
..##.........###.#
..##.#...#######.#
.....#.#)#.......#####
.#<###.#<..........).#
)...........####.#####
.#####.....## #g# .#
###.#.#####@# .#
#.....#.gg### .#
#...........# .#
###.#.#g###.# ..
##.#.#.###.# .#
#.g........#
##.###'######
#..........#
#..........#


You could see Robin, 2 hobgoblins and a goblin.

Vanquished Creatures
  An adder (D:2)
  A gnoll (D:1)
  An ooze (D:2)
  A worm (D:2)
  2 giant cockroaches (D:1)
  5 hobgoblins
  3 jackals (D:1)
  2 bats
  A frilled lizard (D:2)
  7 goblins
  3 kobolds
  5 rats
32 creatures vanquished.

Notes
Turn   | Place    | Note
-------+----------+-------------------------------------------
     0 | D:1      | Lilu the Deep Elf Conjurer began the quest for the Orb.
     0 | D:1      | Reached XP level 1. HP: 10/10 MP: 6/6
   448 | D:1      | Reached skill level 5 in Conjurations
   448 | D:1      | Reached XP level 2. HP: 3/15 MP: 6/8
   678 | D:1      | Learned a level 2 spell: Searing Ray
  1264 | D:2      | Noticed Robin
  1267 | D:2      | Reached XP level 3. HP: 12/19 MP: 9/9
  1815 | D:2      | Slain by a hobgoblin

Skill      XL: |  1 |
---------------+----+-----
Conjurations   | 5 |  5.8
Fighting       | |  0.2
Maces & Flails | |  0.4
Dodging        | |  2.4
Stealth        | |  2.4
Spellcasting   | |  3.0

Action                   || total
-------------------------++-------
Melee: Mace              ||    59
 Cast: Magic Dart        ||    10
 Stab: Sleeping          ||     2
  Eat: Chunk             ||     3
Armor: Robe              ||    10
Dodge: Dodged            ||    47
